 Dungeon Crawl Stone Soup version 0.30-a0-630-g881e3bac89 (webtiles) character file.

Game seed: 16406189120374351006

297 Rrauwl the Cudgeller (level 6, -18/91 HPs)
             Began as a Naga Fighter on Jan 13, 2023.
             Demolished by an ogre
             ... wielding a +0 giant spiked club
              (25 damage)
             ... on level 4 of the Dungeon.
             The game lasted 00:08:55 (2875 turns).

Rrauwl the Cudgeller (Naga Fighter)                 Turns: 2875, Time: 00:08:55

Health: -18/91     AC: 23    Str: 21    XL:     6   Next: 35%
Magic:  0/6        EV:  1    Int: 13    God:
Gold:   179        SH:  4    Dex:  9    Spells: 5/5 levels left

rFire   . . .      SeeInvis +    i - +8 trident of Absolution {drain, Str+2}
rCold   . . .      Faith    .    c - +0 buckler
rNeg    . . .      Spirit   +    (body armour currently unavailable)
rPois   +          Reflect  .    (helmet currently unavailable)
rElec   .          Harm     .    (cloak currently unavailable)
rCorr   .          Rampage  .    (gloves currently unavailable)
Will    +....      NoTele   +    (no barding)
Stlth   +                        k - amulet of guardian spirit
HPRegen 0.35/turn                r - ring of willpower
MPRegen 0.10/turn                (no ring)

@: tree-form
A: stationary, stasis, torment immunity, boosted hp, AC +2, large, see
invisible, (deformed body), (poison resistance), (slowness 2), spit poison 1,
(naga tail 1), clever 1, robust 1, subdued magic 2, MP-powered wands
a: Spit Poison


You were on level 4 of the Dungeon.
You were a tree.
You visited 1 branch of the dungeon, and saw 5 of its levels.

You collected 179 gold pieces.

Inventory:

Hand Weapons
 a - a +0 flail
 d - a +4 quarterstaff of chaos
 i - the +8 trident of Absolution (weapon) {drain, Str+2}
   (You found it on level 2 of the Dungeon)

   Str:       It affects your strength (+2).
Armour
 c - a +0 buckler (worn)
 e - a +1 cloak of poison resistance (melded)
 f - an orb of wrath
 q - a +0 chain mail (melded)
Jewellery
 k - an amulet of guardian spirit (around neck)
 n - a ring of ice
 r - a ring of willpower (left branch)
Scrolls
 b - a scroll of poison
 h - 2 scrolls of teleportation
 j - 3 scrolls of enchant weapon
 l - a scroll of fog
Potions
 g - a potion of lignification
 m - a potion of heal wounds
 o - 2 potions of mutation


   Skills:
 - Level 3.0 Fighting
 + Level 5.2 Maces & Flails
 - Level 3.0 Armour
 - Level 4.0 Shields


You had 5 spell levels left.
You didn't know any spells.
Your spell library contained the following spells:

 Spells                   Type           Power      Damage    Failure   Level
 Cigotuvi's Dreadful Rot  Necr/Pois/Air  0%         N/A       41%         2
 Portal Projectile        Hex/Tloc       0%         N/A       67%         3
 Tukima's Dance           Hex            0%         N/A       67%         3
 Dispel Undead            Necr           0%         3d6       97%         4
 Blade Hands              Tmut           0%         N/A       100%        5
 Death Channel            Necr           0%         N/A       100%        6


Dungeon Overview and Level Annotations

Branches:
Dungeon (5/15)
 Temple: D:4-7

Altars:
Ashenzari
Dithmenos
Trog

Shops:
D:2 [

Annotations:
D:4 1 runed translucent door, Opifex's ghost, amateur DsFi


Innate Abilities, Weirdness & Mutations

You are a tree.
Your roots penetrate the ground, keeping you stationary.
You cannot be teleported.
You are immune to unholy pain and torment.
Your maximum health is greatly increased.
Your equipment is partially melded.
((Your serpentine skin is tough. (AC +2)))
You have supernaturally acute eyesight. (SInv)
((Armour fits poorly on your strangely shaped body.))
((Your system is resistant to poisons. (rPois)))
((You cover ground very slowly.))
You can spit poison.
((You have a snake-like lower body.))
Your mind is acute. (Int +4, Str/Dex -1)
You are robust. (+10% HP)
Your spells are easier to cast, but less powerful.
You expend magic power (3 MP) to strengthen your wands.


Message History

You hit the hobgoblin. You drain the hobgoblin.
You kill the hobgoblin!
Found a runed translucent door.
Found a ring mail.
Done exploring.
Done exploring.
(D) Dungeon
Where to? (Enter - D:4 @ (x,y), ? - help)
There is a stone staircase leading down here.
You climb downwards.
You hear the sound of rushing water.
There is an entrance to a sewer on this level.
Hurry and find it before the portal rusts away!
The ogre shouts!
The jackal barks!
Found a glass wand and a scroll labelled ULAMYU RIUDUCSYIC.
There is a stone staircase leading up here.
The jackal barely misses you. The ogre barely misses you.
You climb upwards.
Level annotation: 1 runed translucent door, Opifex's ghost, amateur DsFi
There is a stone staircase leading down here.
You closely miss the jackal. The jackal bites you.
The jackal bites you but does no damage.
You puncture the jackal!
You kill the jackal!
The ogre hits you with a +0 giant spiked club!!
The ogre hits you with a +0 giant spiked club!!
* * * LOW HITPOINT WARNING * * *
As you read the scroll labelled SUUTRA IDOGUA, it crumbles to dust.
It is a scroll of enchant armour.
Your +0 cloak of poison resistance glows green for a moment.
Really quaff the potion of lignification?
You turn into a tree.
Your +1 cloak of poison resistance melds into your body.
Your +0 chain mail melds into your body.
Your roots penetrate the ground.
The ogre hits you with a +0 giant spiked club!!
* * * LOW HITPOINT WARNING * * *
You puncture the ogre!
The ogre is moderately wounded.
The ogre hits you with a +0 giant spiked club!!
You die...

.......≈#_'..## #....#### #
.......≈###≈.(#########....######
.......≈≈≈≈≈.....................
.......##############.########...
###...## #..# ###. #.....#
####.## #.. #.....#### #....#
####.. #..>.....########.####
#.....
#..............O♣...########.####
....####.#.....####..........#
>...## #.#.##### ###.......##
.....###....# #.........#
........(.#.#### #.........####
.##.####.......### #.............
.##.##...###.....###.........###.
.##....### ####....#.........####
..#..### ##.#.#.............


You could see an ogre.

Vanquished Creatures
  An ogre (D:4)
  A scorpion (D:4)
  A hound (D:4)
  Crazy Yiuf (D:2)
  4 adders
  A dart slug (D:2)
  An orc (D:4)
  7 ball pythons
  3 bats
  6 endoplasms
  3 giant cockroaches
  5 goblins
  5 hobgoblins
  A jackal (D:4)
  7 kobolds
  2 quokkas
  2 rats
51 creatures vanquished.

Vanquished Creatures (others)
  3 fungi (D:2)
3 creatures vanquished.

Grand Total: 54 creatures vanquished

Notes
Turn   | Place    | Note
-------+----------+-------------------------------------------
     0 | D:1      | Rrauwl the Naga Fighter began the quest for the Orb.
     0 | D:1      | Reached XP level 1. HP: 21/21 MP: 1/1
   150 | D:1      | Reached XP level 2. HP: 23/28 MP: 2/2
   603 | D:2      | Found Ron Nonk's Armour Shoppe.
   637 | D:2      | Identified the +8 trident of Absolution {drain, Str+2}
   809 | D:2      | Reached XP level 3. HP: 34/34 MP: 3/3
  1095 | D:2      | Gained mutation: You have hidden genetic potential. [potion
                  | of mutation]
  1095 | D:2      | Gained mutation: Your spells are a little easier to cast,
                  | but a little less powerful. [potion of mutation]
  1095 | D:2      | Gained mutation: Your spells are easier to cast, but less
                  | powerful. [potion of mutation]
  1095 | D:2      | Gained mutation: You are robust. (+10% HP) [potion of
                  | mutation]
  1244 | D:2      | Found a runed translucent door.
  1245 | D:2      | Noticed Crazy Yiuf
  1419 | D:2      | Killed Crazy Yiuf
  1420 | D:2      | Reached skill level 3 in Maces & Flails
  1420 | D:2      | Reached XP level 4. HP: 31/46 MP: 2/4
  1434 | D:2      | Gained mutation: Your mind is acute. (Int +4, Str/Dex -1)
                  | [hidden potential]
  2237 | D:4      | Found a shadowy altar of Dithmenos.
  2238 | D:4      | Noticed an ogre
  2249 | D:4      | Killed an ogre
  2250 | D:4      | Reached skill level 4 in Maces & Flails
  2250 | D:4      | Reached XP level 5. HP: 20/53 MP: 1/5
  2263 | D:4      | Gained mutation: You expend magic power (3 MP) to
                  | strengthen your wands. [hidden potential]
  2263 | D:4      | Lost mutation: You have hidden genetic potential. [hidden
                  | potential expressed]
  2533 | D:4      | Found a broken altar of Ashenzari.
  2558 | D:4      | Reached XP level 6. HP: 61/61 MP: 6/6
  2593 | D:4      | Reached skill level 5 in Maces & Flails
  2764 | D:4      | Found a bloodstained altar of Trog.
  2778 | D:4      | Found a runed translucent door.
  2779 | D:4      | Noticed Opifex's ghost (amateur DsFi)
  2867 | D:5      | Entered Level 5 of the Dungeon
  2875 | D:4      | Demolished by an ogre

Illustrated notes

Levels and vault maps discovered:
D:1:      amcnicky_arrival_gap_in_the_tavern_cellar, layout_rooms
D:2:      layout_loops_ring, serial_shops, shop, grunt_decor_arrowhead,
          uniq_crazy_yiuf_cottage
D:3:      layout_basic
D:4:      layout_rooms, mainiacjoe_overflow_24_doors, kennysheep_mini_moat,
          nicolae_ashenzari_panopticon, gammafunk_ghost_grave
D:5:      layout_rooms, mainiacjoe_overflow_alcove_2, lemuel_temple_firewalk_b,
          gup_sewer_entry_glass, minmay_ogre_servants

Skill      XL: |  1  2  3  4  5  6 |
---------------+-------------------+-----
Shields        | 3 4 |  4.0
Maces & Flails | 3 4 5 |  5.2
Armour         | 3 |  3.0
Fighting       | |  3.0

Action                   |  1- 3 |  4- 6 || total
-------------------------+-------+-------++-------
Melee: Flail             |    41 |       ||    41
       Trident           |    26 |    60 ||    86
  Use: Potion            |     7 |     8 ||    15
       Scroll            |     4 |     4 ||     8
Armor: Scale mail        |    23 |     9 ||    32
       Chain mail        |       |    21 ||    21
Dodge: Dodged            |    24 |    11 ||    35
Block: Buckler           |    13 |    10 ||    23

Table legend: (Time is in decaauts)
 A = Elapsed time spent in this place.
 B = Non-inter-level travel time spent in this place.
 C = Inter-level travel time spent in this place.
 D = Time resting spent in this place.
 E = Time spent auto-exploring this place.
 F = Levels seen in this place.
 G = Mean time per level.
                   A        B        C        D        E       F      G
               +--------+--------+--------+--------+--------+-----+--------+
         Total |   3706 |   3468 |    238 |     52 |   2976 |   5 |  741.2 |
       Dungeon |   3706 |   3468 |    238 |     52 |   2976 |   5 |  741.2 |
               +--------+--------+--------+--------+--------+-----+--------+

Top non-repeatable levels by time:
     D:2: 1221 daAuts
     D:4: 1144 daAuts
     D:1: 755 daAuts
     D:3: 582 daAuts
     D:5: 1 daAuts
